Map: Dusk Towers

Players

Matiz

  • Race: Zerg Zerg
  • League: Master

Miszu - Winner!

  • Race: Terran Terran
  • League: Grandmaster

VOD

Have the link to the VOD?

Description

Time

  • Played on: Feb. 21, 2016, 11:44 a.m.
  • Length: 10:05
Show
View Real Time Build Order
Export as new Build Order

Matiz Zerg 

Build Orders: Hatch First 

Get SALT Encoding   

  12  0:01  Drone  
  13  0:14  Overlord  
  13  0:17  Drone  
  14  0:28  Extractor, Drone  
  14  0:34  Drone  
  16  0:39  Drone  
  17  0:52  Hatchery  
  17  0:56  Drone  
  17  0:59  Drone  
  18  1:12  Spawning Pool  
  18  1:15  Drone  
  18  1:19  Drone  
  19  1:38  Hatchery  
  18  1:41  Drone  
  18  1:44  Drone  
  20  1:59  Queen  
  22  2:04  Zergling x2  
  22  2:05  Queen  
  22  2:07  Zergling x2  
  26  2:11  Zergling x2  
  26  2:15  Overlord  
  27  2:19  Drone  
  28  2:33  Drone  
  28  2:34  Drone x2  
  28  2:35  Queen  
  33  2:37  Drone  
  33  2:43  Queen  
  36  2:51  Queen  
  36  2:56  Overlord  
  38  2:58  Drone  
  38  3:00  Drone  
  38  3:05  Overlord  
  40  3:08  Drone  
  40  3:09  Drone  
  42  3:16  Drone x3  
  45  3:20  Drone x2  
  45  3:22  Drone  
  48  3:30  Extractor x2  
  48  3:31  Roach Warren, Drone  
  47  3:34  Drone  
  47  3:37  Overlord  
  47  3:38  Drone  
  47  3:40  Drone  
  49  3:44  Overlord  
  48  3:53  Drone  
  48  3:55  Drone x3  
  52  4:00  Overlord  
  52  4:03  Extractor  
  52  4:04  Drone x2  
  52  4:05  Drone  
  52  4:06  Drone x3  
  52  4:07  Drone  
  52  4:09  Drone  
  59  4:14  Drone x3  
  62  4:20  Spore Crawler, Drone  
  62  4:23  Roach  
  62  4:24  Roach  
  66  4:25  Roach  
  68  4:33  Overlord  
  68  4:34  Roach x2  
  72  4:39  Overlord, Spore Crawler  
  72  4:40  Drone x2  
  73  4:48  Metabolic Boost, Evolution Chamber  
  73  4:49  Evolution Chamber  
  73  4:51  Roach x2  
  74  5:09  Overlord x2, Drone x5  
  74  5:11  Spore Crawler  
  74  5:12  Lair  
  74  5:13  Drone  
  74  5:14  Drone x2  
  81  5:22  Drone x2  
  81  5:23  Drone x3  
  81  5:24  Drone x2  
  81  5:25  Ravager  
  89  5:31  Extractor, Drone  
  89  5:32  Drone x2  
  91  5:36  Zerg Melee Weapons Level 1, Zerg Ground Armor Level 1  
  91  5:43  Overlord  
  91  5:47  Overlord, Drone x2  
  91  5:48  Drone x3  
  96  5:56  Overlord x2  
  96  6:02  Baneling Nest  
  85  6:16  Spire  
  85  6:17  Drone  
  85  6:18  Drone x2  
  87  6:19  Hatchery  
  87  6:20  Extractor  
  84  6:25  Ravager  
  84  6:26  Ravager x2  
  84  6:32  Overlord  
  85  6:33  Drone  
  85  6:37  Drone x4  
  89  6:40  Drone x4  
  89  6:42  Drone x2  
  89  6:43  Drone  
  96  6:49  Drone x3  
  96  6:50  Drone  
  96  6:53  Drone  
  100  7:01  Drone x2  
  96  7:02  Drone  
  96  7:05  Drone  
  80  7:29  Corruptor x4  
  82  7:37  Drone  
  83  7:45  Ravager  
  83  7:46  Ravager  
  83  7:47  Drone x2  
  83  7:50  Drone x2  
  89  7:58  Extractor  
  88  8:01  Drone x4  
  88  8:02  Drone x3  
  95  8:06  Zergling x4  
  95  8:07  Zergling x4  
  95  8:09  Centrifical Hooks  
  95  8:12  Glial Reconstitution  
  99  8:14  Baneling x2  
  99  8:16  Roach  
  101  8:24  Roach x4  
  101  8:25  Roach  
  111  8:28  Baneling x8  
  111  8:32  Zergling x2, Roach  
  114  8:34  Overseer  
  114  8:35  Overseer  
  114  8:38  Zergling x2, Roach x2  
  114  8:40  Roach  
  121  8:45  Zergling x2, Roach  
  124  8:51  Zergling x4  
  126  8:55  Zergling x2  
  126  8:56  Roach  
  126  9:00  Zergling x2, Roach  
  132  9:09  Zergling x6  
  135  9:10  Hatchery  
  135  9:11  Infestation Pit  
  135  9:12  Extractor  
  135  9:14  Extractor, Roach  
  133  9:23  Zergling x2, Roach  
  133  9:24  Zergling x6, Roach x4  
  145  9:26  Hatchery  
  139  9:38  Zergling x6  
  139  9:39  Zergling x2  
Show
View Real Time Build Order
Export as new Build Order

Miszu Terran - Winner!

Build Orders: Liberator Opening, MMM Bio 

Get SALT Encoding   

  12  0:01  SCV  
  13  0:13  SCV  
  14  0:17  Supply Depot  
  14  0:25  SCV  
  15  0:39  SCV  
  15  0:40  Barracks  
  16  0:43  Refinery  
  16  0:51  SCV  
  17  1:03  SCV  
  18  1:15  SCV  
  19  1:27  Orbital Command  
  19  1:29  Barracks Reactor  
  19  1:39  Command Center  
  19  1:47  Supply Depot  
  19  1:53  SCV  
  20  2:03  Factory  
  20  2:06  Refinery  
  20  2:08  SCV  
  21  2:15  Marine x2  
  23  2:20  SCV  
  24  2:32  Marine x2, SCV  
  27  2:44  SCV  
  27  2:47  Starport, Factory Tech Lab  
  28  2:52  Orbital Command  
  28  2:56  SCV  
  29  3:03  Marine x2  
  31  3:08  SCV  
  32  3:19  SCV  
  33  3:20  SCV  
  33  3:23  Liberator  
  33  3:26  Fusion Core  
  34  3:27  Factory Tech Lab  
  34  3:31  SCV  
  34  3:32  SCV  
  39  3:43  SCV  
  39  3:44  Supply Depot, SCV  
  42  3:55  SCV  
  42  3:56  SCV  
  42  3:57  Command Center  
  43  4:07  SCV  
  43  4:09  SCV  
  45  4:11  Supply Depot  
  45  4:12  Advanced Ballistics  
  45  4:17  Liberator  
  45  4:19  SCV  
  45  4:21  SCV  
  45  4:22  Barracks  
  47  4:25  Barracks  
  47  4:32  SCV  
  47  4:33  SCV  
  47  4:37  Refinery  
  47  4:38  Refinery  
  52  4:43  Supply Depot  
  52  4:44  SCV  
  52  4:45  SCV  
  54  4:56  SCV  
  54  4:57  SCV  
  56  5:06  Siege Tank  
  59  5:08  SCV  
  59  5:09  SCV  
  59  5:11  Engineering Bay, Liberator  
  59  5:12  Orbital Command  
  59  5:14  Engineering Bay  
  61  5:20  Supply Depot, SCV  
  62  5:21  SCV  
  62  5:25  Barracks Tech Lab  
  62  5:26  Barracks Tech Lab  
  63  5:29  Marine  
  63  5:30  Marine  
  63  5:32  SCV  
  63  5:33  SCV  
  63  5:34  Orbital Command  
  70  5:38  Siege Tank  
  73  5:44  SCV  
  73  5:45  SCV  
  73  5:46  Stimpack  
  75  5:56  Marine, SCV  
  77  5:57  SCV  
  77  5:59  Marine  
  77  6:00  Marine x2  
  81  6:08  SCV  
  81  6:09  SCV  
  81  6:11  Supply Depot  
  83  6:13  Supply Depot  
  83  6:14  Marine  
  83  6:16  Terran Infantry Weapons Level 1, Terran Infantry Armor Level 1  
  83  6:17  Marine x2  
  86  6:18  Marine, Barracks  
  86  6:19  Barracks  
  86  6:20  Starport Reactor, SCV  
  86  6:23  Combat Shields  
  88  6:27  SCV  
  88  6:32  Marine  
  90  6:35  Marine x2  
  90  6:36  Marine, Siege Tank  
  90  6:38  SCV  
  90  6:39  SCV  
  98  6:42  Armory  
  98  6:44  Supply Depot  
  98  6:50  Marine  
  98  6:52  Supply Depot  
  98  6:53  Supply Depot, Marine  
  100  6:56  Marine  
  100  6:57  Marine  
  100  6:58  Medivac  
  104  7:07  Marine  
  104  7:08  Siege Tank  
  110  7:11  Marine  
  110  7:14  Marine x2  
  113  7:18  Barracks Reactor  
  113  7:19  Barracks Tech Lab  
  108  7:25  Marine  
  108  7:26  Supply Depot, SCV x2  
  108  7:27  Supply Depot x2, SCV  
  108  7:28  Marine  
  110  7:33  Refinery x2  
  110  7:35  Marauder x2  
  114  7:38  SCV  
  114  7:39  SCV x2  
  114  7:41  Marine, Marauder  
  114  7:43  Marine, Missile Turret  
  121  7:45  Missile Turret  
  121  7:47  Missile Turret  
  121  7:48  Medivac  
  121  7:50  SCV  
  121  7:51  SCV x2  
  128  8:00  Marine  
  128  8:02  Marine, Marauder  
  128  8:03  Marine, SCV x3, Concussive Shells  
  135  8:05  Marauder  
  135  8:11  Supply Depot  
  135  8:12  Supply Depot x2  
  137  8:13  Siege Tank, Marauder  
  137  8:18  Marine  
  139  8:20  Marine x2  
  139  8:23  Marine  
  139  8:26  Marine  
  143  8:27  Medivac  
  143  8:28  Medivac  
  143  8:33  Marine  
  148  8:36  Marine  
  148  8:38  Marine x2  
  151  8:42  Command Center, Marauder  
  151  8:44  Marine  
  153  8:51  Marine  
  153  8:53  Marine  
  155  8:55  Marine, Siege Tank  
  155  8:56  Marine  
  155  8:57  Medivac  
  155  8:58  Medivac  
  155  9:02  Marine x2  
  165  9:09  Marine  
  167  9:11  Marine  
  167  9:13  Marine  
  167  9:14  Marauder  
  171  9:20  Marine, Marauder  
  174  9:27  Supply Depot x2, Marauder  
  174  9:28  Siege Tank  
  174  9:29  Marine  
  180  9:31  Marine  
  180  9:36  Marauder  
Tags
 
Add a new tag
Caveats
  • Supply blocks, unpowered buildings, or Contaminate may cause inaccurate times.
  • Supply counts are checked every 10 seconds.